 Dungeon Crawl Stone Soup version 0.17-a0-155-g14e20c2 (webtiles) character file.

1045 Tabbe the Fighter (level 8, -17/132 HPs)
             Began as an Ogre Berserker on Mar 25, 2015.
             Was an Elder of Trog.
             Demolished by an orc warrior
             ... wielding a +0 war axe
              (26 damage)
             ... on level 5 of the Dungeon.
             The game lasted 00:04:45 (2902 turns).

Tabbe the Fighter (Ogre Berserker)                  Turns: 2902, Time: 00:04:46

Health: -17/132    AC:  4    Str: 30    XL:     8   Next: 25%
Magic:  8/8        EV: 11    Int:  6    God:    Trog [****..]
Gold:   141        SH:  0    Dex:  9    Spells: 0 memorised, 7 levels left

rFire  . . .     SeeInvis .     i - +0 whip (venom)
rCold  . . .     Clarity  .     b - +0 animal skin
rNeg   . . .     SustAb   .     (no shield)
rPois  .         Gourm    .     q - +1 hat
rElec  .         Spirit   .     (no cloak)
rCorr  .         Warding  .     (gloves unavailable)
rMut   .         Stasis   .     (boots unavailable)
MR     .....                    u - amulet of regeneration
Stlth  ..........               (no ring)
                                j - ring of loudness (curse)

@: berserking, very quick, not resistant to hostile enchantments, extremely
unstealthy
A: unfitting armour, tough skin 1
a: Burn Spellbooks, Berserk, Trog's Hand, Brothers in Arms, Renounce Religion


You were on level 5 of the Dungeon.
You worshipped Trog.
Trog was greatly pleased with you.
You were very hungry.

You visited 1 branch of the dungeon, and saw 5 of its levels.

You collected 141 gold pieces.

Inventory:

Hand weapons
 a - a +0 mace
 i - a +0 whip of venom (weapon)
 v - a +0 giant spiked club
Missiles
 h - 18 poisoned needles
 p - 3 curare-tipped needles
Armour
 b - a +0 animal skin (worn)
 q - a +1 hat (worn)
Jewellery
 j - a cursed ring of loudness (left hand)
 u - an amulet of regeneration (around neck)
Scrolls
 d - 2 scrolls of teleportation {unknown}
 e - 2 scrolls of remove curse {unknown}
 g - a scroll of recharging {unknown}
 k - a scroll of amnesia {unknown}
 l - 2 scrolls of enchant armour {unknown}
 m - 3 scrolls of enchant weapon {unknown}
 o - a scroll of random uselessness {unknown}
 r - 5 scrolls of identify {unknown}
 s - a scroll of noise {unknown}
 t - a scroll of blinking {unknown}
Comestibles
 c - a meat ration
 f - 3 bread rations
 n - 2 fruits


   Skills:
 + Level 8.2 Fighting
 + Level 7.7 Maces & Flails
 + Level 5.8 Dodging


You had 7 spell levels left.
You didn't know any spells.

Dungeon Overview and Level Annotations

Branches:
Dungeon (5/15)
 Temple: D:4-7

Altars:
Cheibriados
Qazlal
Trog
Xom


Innate Abilities, Weirdness & Mutations

You are too large for most types of armour.
You have tough skin (AC +1).


Message History

You are feeling very hungry.
The orc priest hits you with a short sword.
* * * LOW HITPOINT WARNING * * *
The orc closely misses you.
The orc warrior hits you with a war axe!!
* * * LOW HITPOINT WARNING * * *
You are too injured to fight recklessly!
You hit the orc priest!
You kill the orc priest!
Trog accepts your kill.
The orc wizard gestures at you while chanting.
The puff of frost hits you!
* * * LOW HITPOINT WARNING * * *
You hit the orc warrior.
The orc warrior is lightly wounded.
The orc hits you with a club.
* * * LOW HITPOINT WARNING * * *
You closely miss the orc.
The orc warrior hits you with a war axe!!
You die...

. . #..# ##... .#.>.
...... ..#... ###.......
#..... ###oo..........
#.....##..@o# ... .
#.........### ..#..#
##=......## ..#..##
#.....### ##......#
#......## ##........
##......## #.......#
#.......### ##.<.....#
............###..##...##
...(............## ..#


You could see an orc warrior, an orc wizard and an orc.

Vanquished Creatures
  The ghost of xeno23 the Magician, an average DrWz (D:4)
  4 ogres (D:4)
  An eye of draining (D:3)
  A phantom (D:3)
  2 orc priests (D:5)
  4 orc wizards
  A worker ant (D:4)
  9 adders
  5 worms
  2 giant mites (D:4)
  3 giant geckos
  13 orcs
  12 bats
  2 giant cockroaches
  8 goblins
  7 hobgoblins
  3 jackals (D:4)
  8 kobolds
  6 giant newts
  10 rats
  A fungus (D:2)
103 creatures vanquished.

Vanquished Creatures (others)
  A fungus (D:2)
1 creature vanquished.

Grand Total: 104 creatures vanquished

Notes
Turn   | Place    | Note
--------------------------------------------------------------
     0 | D:1      | Tabbe, the Ogre Berserker, began the quest for the Orb.
     0 | D:1      | Reached XP level 1. HP: 24/24 MP: 1/1
    86 | D:1      | Reached XP level 2. HP: 30/32 MP: 2/2
   187 | D:1      | Acquired Trog's second power
   491 | D:2      | Reached XP level 3. HP: 35/40 MP: 3/3
   689 | D:2      | Reached XP level 4. HP: 37/49 MP: 4/4
   785 | D:2      | Reached skill level 5 in Fighting
  1115 | D:3      | Noticed a phantom
  1196 | D:3      | Killed a phantom
  1196 | D:3      | Reached skill level 5 in Maces & Flails
  1196 | D:3      | Reached XP level 5. HP: 7/57 MP: 5/5
  1444 | D:3      | Found a stormy altar of Qazlal.
  1564 | D:3      | Found a snail-covered altar of Cheibriados.
  1662 | D:3      | Found a shimmering altar of Xom.
  1678 | D:3      | Reached XP level 6. HP: 31/67 MP: 6/6
  1776 | D:3      | Noticed an eye of draining
  1778 | D:3      | Found a bloodstained altar of Trog.
  1793 | D:3      | Killed an eye of draining
  1793 | D:3      | Reached skill level 6 in Fighting
  1840 | D:3      | Acquired Trog's third power
  1985 | D:4      | Reached XP level 7. HP: 33/76 MP: 7/7
  2027 | D:4      | Reached skill level 5 in Dodging
  2192 | D:4      | Noticed xeno23's ghost (average DrWz)
  2213 | D:4      | Killed xeno23's ghost
  2213 | D:4      | Reached skill level 7 in Fighting
  2483 | D:4      | Reached XP level 8. HP: 86/88 MP: 8/8
  2586 | D:4      | Reached skill level 8 in Fighting
  2864 | D:5      | Entered Level 5 of the Dungeon
  2902 | D:5      | Demolished by an orc warrior

Action                   |  1- 3 |  4- 6 |  7- 9 || total
-------------------------+-------+-------+-------++-------
Melee: Mace              |    48 |       |    16 ||    64
       Whip              |    42 |   209 |   125 ||   376
Invok: Berserk           |       |       |     2 ||     2
  Use: Potion            |       |     2 |       ||     2
  Eat: Pizza             |       |     1 |     1 ||     2
       Chunk             |       |     2 |     3 ||     5
